 Dungeon Crawl Stone Soup version 0.27.0-1-g7a089689b8 (webtiles) character file.

Game seed: 3094755980059149009

4243 EnegeticOcto the Fanfare of Bloodshed (level 10, -1/91 HPs)
             Began as a Deep Dwarf Fighter on Aug 2, 2021.
             Was a Believer of Makhleb.
             Slain by a komodo dragon (6 damage)
             ... while petrified by a basilisk
             ... on level 8 of the Dungeon.
             The game lasted 00:03:24 (5500 turns).

EnegeticOcto the Fanfare of Bloodshed (DDFi)        Turns: 5500, Time: 00:03:24

Health: -1/91      AC: 10    Str: 23    XL:     10   Next: 9%
Magic:  9/9        EV:  2    Int:  9    God:    Makhleb [**....]
Gold:   422        SH:  0    Dex: 12    Spells: 9/9 levels left

rFire    . . .     SeeInvis .   a - +2 broad axe (elec)
rCold    . . .     Faith    .   c - +0 kite shield
rNeg     + + +     Spirit   .   s - +0 chain mail
rPois    ∞         Reflect  .   (no helmet)
rElec    .         Harm     .   (no cloak)
rCorr    .         Rampage  .   (no gloves)
Will     +....                  (no boots)
Stlth    ..........             f - amulet of the acrobat
HPRegen  0.00/turn              (no ring)
MPRegen  0.11/turn              (no ring)

@: petrified
A: damage resistance, heal wounds, sense surroundings 2, no regeneration
a: Heal Wounds, Renounce Religion, Minor Destruction


You were on level 8 of the Dungeon.
You worshipped Makhleb.
Makhleb was pleased with you.
You visited 2 branches of the dungeon, and saw 9 of its levels.

You collected 422 gold pieces.

Inventory:

Hand Weapons
 a - a +2 broad axe of electrocution (weapon)
 h - a +0 war axe
 j - a +3 war axe of freezing
Missiles
 r - a curare-tipped dart
Armour
 b - a +0 scale mail
 c - a +0 kite shield (worn)
 s - a +0 chain mail (worn)
Jewellery
 f - an amulet of the acrobat (around neck)
 m - a ring of poison resistance
Scrolls
 o - a scroll of teleportation {@r3}
 t - a scroll of fear
Potions
 d - 3 potions of might {@q3}
 e - a potion of degeneration
 g - 3 potions of curing {@q1}
 i - 5 potions of brilliance
 n - 4 potions of lignification
 p - a potion of ambrosia {unknown}


   Skills:
 + Level 5.8 Fighting
 * Level 9.2 Axes
 + Level 7.0 Armour
 + Level 7.1 Shields
 * Level 9.2 Invocations


You had 9 spell levels left.
You didn't know any spells.
Your spell library was empty.

Dungeon Overview and Level Annotations

Branches:
Dungeon (8/15)             Temple (1/1) D:4            Lair (0/6) D:8

Altars:
Ashenzari
Dithmenos
Elyvilon
Fedhas
Hepliaklqana
Kikubaaqudgha
Makhleb
Nemelex Xobeh
Okawaru
Qazlal
Ru
Sif Muna
Uskayaw
Wu Jian
Xom
Yredelemnul
Zin
The Shining One


Innate Abilities, Weirdness & Mutations

You are resistant to damage.
You can heal yourself by infusing magical energy.
You passively map the area around you.
You do not regenerate.


Message History

The killer bee is heavily wounded.
You block the killer bee's attack. The killer bee barely misses you.
You miss the killer bee.
The killer bee is heavily wounded.
You block the killer bee's attack. The killer bee stings you. x2
You barely miss the killer bee.
The killer bee is moderately wounded.
The killer bee stings you! x2
You are more poisoned.
The killer bee poisons you!
You are too injured to fight recklessly!
You are too injured to fight recklessly!
You are too injured to fight recklessly!
You are too injured to fight recklessly!
You are too injured to fight recklessly!
You are too injured to fight recklessly!
A killer bee is nearby!
You feel much better. The killer bee stings you.
The killer bee stings you but does no damage.
You feel much better. You block the killer bee's attack.
The killer bee completely misses you.
You closely miss the killer bee.
The killer bee is moderately wounded.
The killer bee stings you!
You are more poisoned.
The killer bee poisons you! You block the killer bee's attack.
The killer bee barely misses you.
You closely miss the killer bee.
The killer bee is moderately wounded.
You block the killer bee's attack.
The killer bee stings you but does no damage.
You slash the killer bee!
You kill the killer bee!
Makhleb accepts your kill.
No target in view!
No target in view!
No target in view!
Found a scale mail.
Things that are here:
18 stones; a killer bee corpse You open the door.
Found a leather armour.
As you open the door, it creaks loudly!
You are no longer poisoned.
There is an open door here.
Found an amulet of magic regeneration.
As you open the door, it creaks loudly!
Found a chain mail.
There is an open door here.
You see here a +0 chain mail.
You open the door.
There is an open door here.
You open the door.
There is a stone staircase leading down here.
There is a shaft here.
You see here a komodo dragon skeleton.
The komodo dragon hisses angrily.
There are monsters nearby!
The steam dragon hisses angrily.
The komodo dragon barely misses you.
There are monsters nearby!
There are monsters nearby!
There are monsters nearby!
There are monsters nearby!
You closely miss the komodo dragon. The komodo dragon bites you!!
The steam dragon breathes steam at you. The ball of steam hits you!
You slash the komodo dragon!
The komodo dragon is lightly wounded.
You are engulfed in a cloud of scalding steam.
You block the komodo dragon's attack. The komodo dragon bites you!
Your chain mail prevents you from hitting the komodo dragon.
The komodo dragon is lightly wounded.
You are engulfed in a cloud of scalding steam.
The basilisk gazes at you.
You are slowing down.
The komodo dragon bites you but does no damage.
Your limbs are stiffening.
The basilisk is engulfed in a cloud of scalding steam.
You have turned to stone.
The komodo dragon bites you!!
* * * LOW HITPOINT WARNING * * *
The steam dragon bites you. The steam dragon barely misses you.
The basilisk hisses menacingly.
The komodo dragon bites you.
* * * LOW HITPOINT WARNING * * *
The steam dragon bites you but does no damage.
The steam dragon claws you. The komodo dragon bites you!
* * * LOW HITPOINT WARNING * * *
The basilisk bites you but does no damage.
The steam dragon bites you.
The steam dragon claws you but does no damage.
The komodo dragon bites you!
* * * LOW HITPOINT WARNING * * *
The basilisk bites you but does no damage.
The steam dragon breathes steam at you. The ball of steam hits you!
* * * LOW HITPOINT WARNING * * *
The komodo dragon bites you!
You die...

### ### ###..####l#######
####.#.###..l@.....###
#..#........D###...÷.# ###
...#..l........###..##..####
#.## ..l...D..###.#.#
####.##...###...
.#....l#..####.#
#######...###
......####....## ####.#
#..#.# ####.## ### ## ##
##}# #*** ### ### #########
##


You could see a komodo dragon, a basilisk and a steam dragon (catching breath).

Vanquished Creatures
  A manticore (D:8)
  A komodo dragon (D:8)
  A wyvern (D:8)
  3 yaks (D:8)
  A steam dragon (D:7)
  2 water moccasins
  2 orc warriors
  A black bear (D:5)
  2 ice beasts
  An ogre (D:5)
  2 phantoms
  2 centaurs
  2 kobold brigands
  A gnoll sergeant (D:7)
  A bullfrog (D:7)
  2 scorpions
  A wyvern skeleton (D:7)
  A water moccasin skeleton (D:4)
  6 killer bees (D:8)
  4 wights (D:6)
  A howler monkey (D:6)
  A bullfrog zombie (D:5)
  3 centaur zombies
  2 jellies
  4 bullfrog skeletons
  A gnoll shaman (D:8)
  3 hounds (D:5)
  2 iguanas
  7 orc wizards
  A killer bee zombie (D:7)
  A howler monkey zombie (D:5)
  10 gnolls
  7 adders
  An adder skeleton (D:5)
  A worm (D:2)
  A dart slug (D:3)
  21 orcs
  6 endoplasms
  2 giant cockroaches
  4 goblins
  5 hobgoblins
  8 jackals
  15 kobolds
  3 quokkas
  13 ball pythons
  4 bats
  2 frilled lizards (D:3)
  4 rats
170 creatures vanquished.

Notes
Turn   | Place    | Note
-------+----------+-------------------------------------------
     0 | D:1      | EnegeticOcto the Deep Dwarf Fighter began the quest for the
                  | Orb.
     0 | D:1      | Reached XP level 1. HP: 20/20 MP: 1/1
   271 | D:1      | Reached XP level 2. HP: 22/27 MP: 2/2
   733 | D:2      | Reached XP level 3. HP: 30/34 MP: 3/3
  1205 | D:2      | Reached XP level 4. HP: 27/42 MP: 3/3
  1236 | D:2      | You fall into a shaft and drop 1 floor!
  2090 | D:4      | Reached XP level 5. HP: 29/49 MP: 4/4
  2347 | D:4      | Found a staircase to the Ecumenical Temple.
  2441 | Temple   | Entered the Ecumenical Temple
  2487 | Temple   | Became a worshipper of Makhleb the Destroyer
  2560 | D:5      | Entered Level 5 of the Dungeon
  2565 | D:5      | Reached XP level 6. HP: 54/57 MP: 5/5
  2568 | D:5      | Reached skill level 1 in Invocations
  2673 | D:5      | Reached skill level 5 in Axes
  2753 | D:5      | Found a shadowy altar of Dithmenos.
  2945 | D:5      | Reached XP level 7. HP: 41/64 MP: 7/7
  2993 | D:5      | Reached skill level 5 in Armour
  2993 | D:5      | Reached skill level 5 in Shields
  3373 | D:6      | Reached XP level 8. HP: 52/73 MP: 9/9
  3588 | D:6      | Reached * piety under Makhleb
  3589 | D:6      | Reached skill level 5 in Invocations
  4348 | D:7      | Reached skill level 5 in Fighting
  4414 | D:7      | Gained mutation: You passively map the area around you.
                  | [Deep Dwarf growth]
  4414 | D:7      | Reached XP level 9. HP: 41/81 MP: 10/10
  4531 | D:7      | Reached ** piety under Makhleb
  5079 | D:8      | Noticed a manticore
  5091 | D:8      | Killed a manticore
  5146 | D:8      | Identified a scroll of acquirement
  5146 | D:8      | Acquired a +2 broad axe of electrocution
  5229 | D:8      | Noticed a komodo dragon
  5247 | D:8      | Killed a komodo dragon
  5270 | D:8      | Reached XP level 10. HP: 61/91 MP: 10/10
  5305 | D:8      | HP: 3/91 [killer bee (2)]
  5306 | D:8      | HP: 1/91 [killer bee (1)]
  5500 | D:8      | Slain by a komodo dragon

Illustrated notes

Levels and vault maps discovered:
D:1:      lemuel_arrival_funnel, layout_basic, minmay_stone_trees_large
D:2:      layout_basic
D:3:      layout_basic
D:4:      layout_gridville, temple_statues, due_unseen_surprise
D:5:      layout_loops_ring, grunt_dithmenos_smoke, grunt_ministairs_14,
          saegor_snake_ambush
D:6:      layout_layer_cave, portal_sewer_entry_e, kennysheep_generic_room_4
D:7:      layout_basic
D:8:      layout_basic, erik_lair_dragon
Temple:   regret_index_temple_sigil_plot

Skill      XL: |  1  2  3  4  5  6  7  8  9 |
---------------+----------------------------+-----
Fighting       | 3 4 5 |  5.8
Axes           | 3 4 5 6 7 9 |  9.2
Armour         | 4 5 6 7 |  7.0
Shields        | 4 5 6 7 |  7.1
Invocations    | 3 4 6 9 |  9.2

Action                   |  1- 3 |  4- 6 |  7- 9 | 10-12 || total
-------------------------+-------+-------+-------+-------++-------
Melee: War axe           |   111 |   121 |   275 |       ||   507
       Broad axe         |       |       |    31 |    25 ||    56
 Abil: Heal Wounds       |     2 |     5 |    28 |     7 ||    42
  Use: Scroll            |       |       |    10 |     1 ||    11
Armor: Scale mail        |    52 |    56 |    63 |       ||   171
       Chain mail        |       |       |    99 |    63 ||   162
Dodge: Dodged            |    38 |    55 |   132 |    34 ||   259
Block: Kite shield       |    70 |    76 |   243 |    44 ||   433
